 Dungeon Crawl Stone Soup version 0.31-a0-986-g5e6e4ef867 (webtiles) character file.

Game seed: 5922345056326799266

8446 javelincjr the Mimic (level 11, -6/76 HPs)
             Began as an Octopode Shapeshifter on Nov 20, 2023.
             Was a Follower of Qazlal.
             Mangled by a blink frog (18 damage)
             ... on level 1 of the Lair of Beasts.
             The game lasted 00:34:32 (10527 turns).

javelincjr the Mimic (Octopode Shapeshifter)       Turns: 10527, Time: 00:34:33

Health: -6/76      AC:  1    Str: 16    XL:     11   Next: 31%
Magic:  12/12      EV: 17    Int: 12    God:    Qazlal [*.....]
Gold:   405        SH:  2    Dex: 16    Spells: 8/10 levels left

rFire   . .          .
                       - Unarmed
rCold   . . .        (shield currently unavailable)
rNeg    . . .        (helmet restricted)
rPois   +            G - amulet of the acrobat
rElec   .            t - ring of wizardry
rCorr   .            z - ring of willpower
SInv    +            F - ring of poison resistance
Will    +....        P - ring of see invisible
Stlth   +            (no ring)
HPRegen 0.32/turn    (no ring)
MPRegen 0.13/turn    (no ring)
                     (no ring)

%: random rage (3%), acrobat, wizardry (x1)
@: flux-form, on berserk cooldown, hasted and slowed, glowing
A: glow, contaminating, almost no armour, amphibious, 8 rings, camouflage 1,
gelatinous body 1, (nimble swimmer 1), tentacles, tentacle spike 1, agile 1,
berserk 1, wild magic 1
a: Begin Untransformation, Renounce Religion


You were on level 1 of the Lair of Beasts.
You worshipped Qazlal.
Qazlal was aware of your devotion.
You were something dangerously unstable.
You visited 3 branches of the dungeon, and saw 11 of its levels.
You also visited: Ossuary.

You collected 513 gold pieces.
You spent 108 gold pieces at shops.

Inventory:

Hand Weapons
 H - a +2 heavy spear
Missiles
 y - 3 atropa-tipped darts
 I - 4 darts of dispersal
Jewellery
 t - a ring of wizardry (left tentacle)
 z - a ring of willpower (right tentacle)
 F - a ring of poison resistance (on tentacle)
 G - an amulet of the acrobat (around mantle)
 P - a ring of see invisible (on tentacle)
Talismans
 b - a beast talisman
 c - a flux talisman (active)
Wands
 n - a wand of paralysis (14)
 p - a wand of polymorph (9)
 w - a wand of roots (7)
 K - a wand of mindburst (18)
 N - a wand of acid (2)
Scrolls
 d - 5 scrolls of poison
 e - a scroll of torment {unknown}
 f - a scroll of blinking {unknown}
 i - 3 scrolls of revelation
 l - 4 scrolls of enchant weapon {unknown}
 o - a scroll of brand weapon {unknown}
 s - 4 scrolls of immolation
 v - a scroll of acquirement {unknown}
 B - 2 scrolls of noise
 C - 3 scrolls of fear {unknown}
 L - a scroll of amnesia {unknown}
 M - a scroll of silence {unknown}
 O - a scroll of enchant armour {unknown}
Potions
 a - a potion of lignification
 g - 8 potions of degeneration
 h - a potion of invisibility
 j - a potion of brilliance {unknown}
 k - a potion of mutation
 m - 4 potions of might
 q - 2 potions of haste
 r - a potion of attraction {unknown}
 u - 3 potions of enlightenment
 x - 3 potions of curing
 A - a potion of ambrosia {unknown}
 D - 2 potions of resistance
 E - a potion of cancellation {unknown}


   Skills:
 + Level 7.7 Fighting
 + Level 8.0 Dodging
 + Level 8.3 Unarmed Combat
 + Level 1.5 Invocations
 * Level 10.5 Shapeshifting


You had 8 spell levels left.
You knew the following spells:

 Your Spells              Type           Power      Damage    Failure   Level
a - Blink                 Tloc           0%         N/A       26%         2

Your spell library contained the following spells:

 Spells                   Type           Power      Damage    Failure   Level
 Ensorcelled Hibernation  Hex/Ice        0%         N/A       26%         2
 Passwall                 Tmut/Erth      0%         N/A       26%         2
 Swiftness                Air            0%         N/A       43%         3
 Manifold Assault         Tloc           0%         N/A       80%         4


Dungeon Overview and Level Annotations

Branches:
Dungeon (9/15)             Temple (1/1) D:7            Lair (1/5) D:8
Ossuary (visited)
    Orc: D:9-12

Altars:
Ashenzari
Cheibriados
Dithmenos
Elyvilon
Fedhas
Gozag
Hepliaklqana
Kikubaaqudgha
Makhleb
Nemelex Xobeh
Okawaru
Qazlal
Ru
Sif Muna
Trog
Uskayaw
Vehumet
Wu Jian
Xom
Yredelemnul
Zin
The Shining One

Shops:
D:3 (   D:4 *[:[   D:7 (([(   D:8 !

Annotations:
D:6 Grinder


Innate Abilities, Weirdness & Mutations

You are something dangerously unstable.
You glow with magical radiation, making you easy to see and hit.
Foes you strike become dangerously contaminated with magical radiation.
You are incapable of wielding weapons or throwing items.
You cannot wear most types of armour.
You are amphibious.
You can wear up to eight rings at the same time.
Your skin changes colour to match your surroundings (Stealth+).
Your rubbery body absorbs attacks. (AC +1, EV +1)
((You are camouflaged when in or above water. (Stealth+)))
You have tentacles for arms and can constrict up to eight enemies at once.
One of your tentacles bears a spike.
You are agile. (Dex +4, Str/Int -1)
You sometimes lose your temper in combat.
Your spells are a little harder to cast, but a little more powerful.


Message History

The blink frog closely misses you.
You tentacle-slap the yak.
The yak glows dangerously bright.
You pierce the yak.
You squeeze the yak.
The yak is heavily wounded.
The blink frog blinks!
A bullfrog comes into view.
The blink frog completely misses you. The yak gores you.
The blink frog hits you!
* * * LOW HITPOINT WARNING * * *
The yak completely misses you.
You tentacle-slap the yak but do no damage.
The yak shudders as magic cascades through it!!
You kill the yak!
Qazlal accepts your kill.
The blink frog blinks!
The blink frog hits you!
* * * LOW HITPOINT WARNING * * *
Your Dodging skill increases to level 8!
You feel much better.
The blink frog blinks! x2
You feel yourself speed up.
The blink frog blinks!
The blink frog blinks! x2
Items here: ††††.
You barely miss the bullfrog. You grab the bullfrog.
Your tentacle spike misses the bullfrog.
You constrict the bullfrog. The bullfrog closely misses you.
The blink frog blinks!
The blink frog misses you. The bullfrog hits you.
You tentacle-slap the bullfrog but do no damage.
The bullfrog begins to glow.
You pierce the bullfrog, but do no damage.
You squeeze the bullfrog.
The bullfrog is moderately wounded.
You constrict the bullfrog. The blink frog hits you!
* * * LOW HITPOINT WARNING * * *
The blink frog blinks!
The bullfrog hits you.
* * * LOW HITPOINT WARNING * * *
You release your grip on the bullfrog.
The blink frog completely misses you.
You closely miss the blink frog. Your grab misses the blink frog.
You pierce the blink frog.
The blink frog is heavily wounded.
The blink frog hits you!!
You die...

...................#
.............##
.............#
...........##
..........##
...#.....## #....##
###.## #p# #F#
.......FF.#
.....?F...P#
..........##
.####P..#.# #.....#
#...### #...#


You could see 3 blink frogs and a bullfrog (contam).

Vanquished Creatures
  An elephant (D:8)
  A cane toad (Lair:1)
  A komodo dragon (Lair:1)
  2 hornets
  Sigmund (D:4)
  17 yaks
  2 wyverns
  The ghost of Rebeltree the Trooper, an amateur DrCK of Xom (D:3)
  A basilisk (D:8)
  Menkaure (D:4)
  3 steam dragons
  2 water moccasins
  A sky beast (D:8)
  A black bear (D:8)
  4 centaurs
  Blork the orc (D:4)
  3 bullfrogs
  3 necrophages (D:4)
  A scorpion (D:5)
  A wyvern zombie (D:5)
  6 wights
  3 water moccasin zombies (D:4)
  The ghost of XomNomNom the Sneak, a weakling TrDe (D:5)
  7 killer bees (D:9)
  2 howler monkeys
  4 human zombies
  3 jellies
  A centaur skeleton (D:5)
  2 centaur zombies
  2 hounds (D:5)
  4 orc priests
  A gnoll bouda (D:7)
  A sleepcap (D:7)
  13 orc wizards
  A scorpion zombie (D:4)
  4 iguanas
  4 mummies
  9 gnolls
  5 adders
  2 adder zombies (D:4)
  A worm (D:5)
  2 dart slugs
  24 orcs
  6 bats
  3 endoplasms
  2 giant cockroaches
  A goblin (D:3)
  3 hobgoblins
  3 jackals
  3 kobolds
  7 quokkas
  2 ball pythons
  2 frilled lizards
  A hobgoblin zombie (Ossuary)
  2 kobold zombies (Ossuary)
  An orc zombie (Ossuary)
  4 rats
190 creatures vanquished.

Vanquished Creatures (others)
  An orc (D:8)
1 creature vanquished.

Grand Total: 191 creatures vanquished

Notes
Turn   | Place    | Note
-------+----------+-------------------------------------------
     0 | D:1      | javelincjr the Octopode Shapeshifter began the quest for
                  | the Orb.
     0 | D:1      | Reached XP level 1. HP: 13/13 MP: 1/1
   136 | D:1      | Reached XP level 2. HP: 18/18 MP: 2/2
   552 | D:2      | Reached XP level 3. HP: 10/23 MP: 3/3
  1231 | D:3      | Found Enniulipt's Antique Weapon Shop.
  1324 | D:3      | Found a runed translucent door.
  1325 | D:3      | Noticed Rebeltree's ghost (amateur DrCK)
  1392 | D:3      | Found a sacrificial altar of Ru.
  1503 | D:3      | Reached XP level 4. HP: 29/29 MP: 4/4
  1564 | D:3      | Found a white marble altar of Elyvilon.
  2127 | D:4      | Found Wahistra's General Store.
  2132 | D:4      | Bought a scroll of identify for 28 gold pieces
  2185 | D:4      | Noticed a necrophage
  2189 | D:4      | Killed a necrophage
  2190 | D:4      | Reached skill level 4 in Shapeshifting
  2190 | D:4      | Reached XP level 5. HP: 30/34 MP: 5/5
  2310 | D:4      | Reached XP level 6. HP: 40/41 MP: 6/6
  2332 | D:4      | Found an ancient bone altar of Kikubaaqudgha.
  2399 | D:4      | Reached skill level 5 in Shapeshifting
  2399 | D:4      | Reached XP level 7. HP: 41/46 MP: 7/7
  2463 | D:4      | Found a broken altar of Ashenzari.
  2665 | D:4      | Found Viozxet's Book Shop.
  2679 | D:4      | Found Wulumifi's Armour Boutique.
  2960 | D:4      | Noticed Blork the orc
  2967 | D:4      | Killed Blork the orc
  3073 | D:4      | Found Ejecipot's Armour Shop.
  3307 | D:4      | Noticed Menkaure
  3343 | D:4      | Killed Menkaure
  3344 | D:4      | Reached XP level 8. HP: 54/54 MP: 8/8
  3374 | D:4      | Noticed Sigmund
  4076 | D:5      | Entered Level 5 of the Dungeon
  4088 | D:5      | Reached skill level 5 in Unarmed Combat
  4128 | D:5      | Reached skill level 6 in Shapeshifting
  4357 | D:5      | Found a sand-covered staircase.
  4361 | Ossuary  | Entered an ossuary
  4860 | D:5      | Reached skill level 5 in Dodging
  5076 | D:5      | Found a transporter.
  5080 | D:5      | Found a transporter.
  5215 | D:5      | Reached skill level 7 in Shapeshifting
  5479 | D:5      | Reached XP level 9. HP: 42/60 MP: 9/9
  5890 | D:3      | Killed Rebeltree's ghost
  5891 | D:3      | Reached skill level 5 in Fighting
  6066 | D:4      | Killed Sigmund
  6155 | D:5      | Noticed XomNomNom's ghost (weakling TrDe)
  6173 | D:5      | Killed XomNomNom's ghost
  6354 | D:6      | HP: 2/57 [poisoned by an adder]
  6356 | D:6      | Gained mutation: You sometimes lose your temper in combat.
                  | [potion of mutation]
  6356 | D:6      | Gained mutation: You have hidden genetic potential. [potion
                  | of mutation]
  6356 | D:6      | Gained mutation: You are agile. (Dex +4, Str/Int -1)
                  | [potion of mutation]
  6356 | D:6      | Noticed Grinder
  6392 | D:7      | Reached skill level 8 in Shapeshifting
  6854 | D:7      | Reached XP level 10. HP: 64/68 MP: 10/10
  6884 | D:7      | Found a radiant altar of Vehumet.
  6934 | D:7      | Found a blossoming altar of Fedhas.
  7125 | D:7      | Found Ecsi Yzo's Weapon Shop.
  7155 | D:7      | Found Puhavuxu's Antique Armour Boutique.
  7165 | D:7      | Found Saomutik's Weapon Shoppe.
  7246 | D:7      | Found a staircase to the Ecumenical Temple.
  7253 | Temple   | Entered the Ecumenical Temple
  7259 | Temple   | Became a worshipper of Qazlal Stormbringer
  7297 | D:7      | Found Neymm's Weapon Shoppe.
  7688 | D:8      | Found Susihaop's Distillery.
  7695 | D:8      | Bought a potion of curing for 30 gold pieces
  7695 | D:8      | Bought a potion of heal wounds for 50 gold pieces
  7738 | D:8      | Noticed an elephant
  7753 | D:8      | Gained mutation: One of your tentacles bears a spike.
                  | [hidden potential]
  7838 | D:8      | Killed an elephant
  7839 | D:8      | Reached skill level 9 in Shapeshifting
  7964 | D:8      | Found a staircase to the Lair.
  8102 | D:8      | Found a hide-covered altar of Uskayaw.
  8102 | D:8      | Found a shimmering blue altar of Sif Muna.
  8104 | D:8      | Found a basalt altar of Yredelemnul.
  8104 | D:8      | Found a snail-covered altar of Cheibriados.
  8373 | D:8      | Found a transporter.
  8507 | D:8      | Found a transporter.
  8608 | D:8      | Found a transporter.
  8662 | D:8      | Found a transporter.
  9022 | D:9      | Reached * piety under Qazlal
  9702 | D:9      | Reached skill level 10 in Shapeshifting
  9924 | D:9      | Reached XP level 11. HP: 70/75 MP: 11/11
 10090 | D:9      | Gained mutation: Your spells are a little harder to cast,
                  | but a little more powerful. [hidden potential]
 10090 | D:9      | Lost mutation: You have hidden genetic potential. [hidden
                  | potential expressed]
 10236 | D:9      | Learned a level 2 spell: Blink
 10266 | Lair:1   | Entered Level 1 of the Lair of Beasts
 10498 | Lair:1   | Reached skill level 1 in Invocations
 10527 | Lair:1   | Mangled by a blink frog

Illustrated notes

Levels and vault maps discovered:
D:1:      pf_arrival_petrified_forest, layout_rooms, dreamdust_princess_bridge,
          minmay_3d_cube
D:2:      layout_basic, kennysheep_generic_room_6
D:3:      layout_loops_corners, general_overflow_altar,
          mainiacjoe_overflow_brackets, gammafunk_ghost_grave, serial_shops,
          nicolae_shop_overgrown_old_shop
D:4:      layout_basic, lemuel_mausoleum_altar_kikubaaqudgha,
          mainiacjoe_overflow_alcove_2, serial_shops, nicolae_shop_peninsula,
          shop, nicolae_shop_advertising_works [nicolae_subvault_shop_adworks],
          nicolae_stop_n_shop_1, uniq_menkaure, uniq_blork_the_orc, uniq_sigmund
D:5:      layout_loops_corners, enter_ossuary_5, gammafunk_ghost_mausoleum,
          nrook_mini_vaults, kennysheep_pointless_box, minivault_5,
          chequers_mini_garden, roderic_cross_of_infinity
D:6:      layout_cave_pools, roderic_roman_lattice, uniq_grinder
D:7:      layout_loops_ring, nicolae_vehumet_radiance,
          mainiacjoe_overflow_six_doors_small,
          minmay_temple_entry_enclosed_plants, serial_shops, shop, shop,
          nicolae_shop_stone, shop, nrook_uturn, chequers_serial_rivers_room_b
D:8:      layout_basic, grunt_temple_overflow_open, david_lair_generic,
          serial_shops, shop, nicolae_transporter_intersection
D:9:      layout_stronghold
Temple:   nicolae_temple_hex_pool
Lair:1:   layout_gridlike, minivault_27, serial_bayou_lagoon_b

Skill      XL: |  1  2  3  4  5  6  7  8  9 10 11 |
---------------+----------------------------------+-----
Fighting       | 2 3 4 6 7 |  7.7
Shapeshifting  | 4 5 7 8 10 | 10.5
Dodging        | 3 4 5 6 7 8 |  8.0
Unarmed Combat | 4 5 6 8 |  8.3
Invocations    | 1 |  1.5

Action                     |  1- 3 |  4- 6 |  7- 9 | 10-12 || total
---------------------------+-------+-------+-------+-------++-------
  Melee: Unarmed           |    65 |    54 |   208 |   233 ||   560
         Tentacles         |    14 |    18 |    63 |    67 ||   162
         Constrict         |    15 |    12 |    44 |    48 ||   119
         Punch             |     2 |     3 |     9 |       ||    14
         Kick              |       |       |       |    73 ||    73
    Use: Scroll            |       |     2 |     6 |     1 ||     9
         Potion            |       |       |     6 |     2 ||     8
   Stab: Sleeping          |     3 |     5 |     9 |       ||    17
 Armour: Skin              |    20 |    24 |    97 |    90 ||   231
  Dodge: Dodged            |    39 |    30 |   114 |   198 ||   381
  Block: Other             |       |       |       |     7 ||     7
   Form: Flux              |       |       |     1 |       ||     1

Table legend: (Time is in decaauts)
 A = Elapsed time spent in this place.
 B = Non-inter-level travel time spent in this place.
 C = Inter-level travel time spent in this place.
 D = Time resting spent in this place.
 E = Time spent auto-exploring this place.
 F = Levels seen in this place.
 G = Mean time per level.
                   A        B        C        D        E       F      G
               +--------+--------+--------+--------+--------+-----+--------+
         Total |  10499 |   9832 |    667 |    707 |   7166 |  12 |  874.9 |
       Dungeon |   9876 |   9210 |    666 |    707 |   6780 |   9 | 1097.3 |
        Temple |     10 |     10 |      0 |      0 |      0 |   1 |   10.0 |
          Lair |    250 |    250 |      0 |      0 |    200 |   1 |  250.0 |
       Ossuary |    362 |    362 |      0 |      0 |    186 |   1 |  362.0 |
               +--------+--------+--------+--------+--------+-----+--------+

Top non-repeatable levels by time:
     D:4: 2191 daAuts
     D:5: 1553 daAuts
     D:7: 1341 daAuts
     D:8: 1290 daAuts
     D:9: 1262 daAuts
     D:3: 1000 daAuts
     D:2: 668 daAuts
     D:1: 533 daAuts
 Ossuary: 362 daAuts
  Lair:1: 250 daAuts
     D:6: 33 daAuts
  Temple: 10 daAuts
